 Dungeon Crawl Stone Soup version 0.20.1-1-g8b1a95d (webtiles) character file.

36 dengdeng the Skirmisher (level 3, 0/24 HPs)
             Began as a Gargoyle Fighter on Oct 30, 2017.
             Slain by a gnoll
             ... wielding a +0 spear
              (2 damage)
             ... on level 2 of the Dungeon.
             The game lasted 00:05:29 (1168 turns).

dengdeng the Skirmisher (Gargoyle Fighter)          Turns: 1168, Time: 00:05:29

Health: 0/24       AC: 10    Str: 20    XL:     3   Next: 37%
Magic:  3/3        EV:  7    Int:  8    God:
Gold:   69         SH:  9    Dex:  9    Spells: 2/2 levels left

rFire    . . .     SeeInvis .   a - +0 long sword
rCold    . . .     Gourm    .   c - +0 shield
rNeg     + . .     Faith    .   b - +0 scale mail
rPois    ∞         Spirit   .   (no helmet)
rElec    +         Reflect  .   (no cloak)
rCorr    .         Harm     .   (no gloves)
MR       .....                  (no boots)
Stlth    ..........             (no amulet)
Regen    0.1/turn               (no ring)
MPRegen  0.1/turn               (no ring)

@: no status effects
A: negative energy resistance 1, electricity resistance, unbreathing,
petrification resistance, rot immunity, AC +3
a: no special abilities


You were on level 2 of the Dungeon.
You were not hungry.

You visited 1 branch of the dungeon, and saw 2 of its levels.

You collected 69 gold pieces.

Inventory:

Hand Weapons
 a - a +0 long sword (weapon)
Missiles
 i - 4 stones
 j - 18 poisoned needles (quivered)
Armour
 b - a +0 scale mail (worn)
 c - a +0 shield (worn)
Scrolls
 e - a scroll of identify {unknown}
 h - 4 scrolls of teleportation {unknown}
 m - a scroll of noise {unknown}
Potions
 d - a potion of might
 k - a potion of agility {unknown}
 l - 2 potions of flight {unknown}
 n - a potion of curing {unknown}
Comestibles
 f - a bread ration
 g - a royal jelly
 o - 4 chunks of flesh


   Skills:
 + Level 3.7 Fighting
 + Level 2.3 Long Blades
 + Level 3.7 Armour
 + Level 0.1 Dodging
 + Level 3.4 Shields


You had 2 spell levels left.
You didn't know any spells.

Dungeon Overview and Level Annotations

Branches:
Dungeon (2/15)

Altars:
Okawaru


Innate Abilities, Weirdness & Mutations

You are resistant to torment.
Your stone body is resilient. (AC +3)
You are immune to poison.
You resist negative energy. (rN+)
You are resistant to electric shocks. (rElec)
You can survive without breathing.
You are immune to petrification.
You are immune to rotting.


Message History

The giant cockroach bites you but does no damage. x2
The gnoll hits you but does no damage.
You hit the giant cockroach.
You kill the giant cockroach!
The gnoll hits you but does no damage. The gnoll barely misses you.
You riposte.
You closely miss the gnoll. You closely miss the gnoll.
You block the gnoll's attack. The gnoll hits you but does no damage.
You block the gnoll's attack.
The gnoll hits you from afar with a spear.
* * * LOW HITPOINT WARNING * * *
The gnoll barely misses you.
You closely miss the gnoll. The gnoll hits you but does no damage.
The gnoll barely misses you.
The gnoll hits you from afar with a halberd.
* * * LOW HITPOINT WARNING * * *
You closely miss the gnoll. The gnoll hits you with a club.
* * * LOW HITPOINT WARNING * * *
The gnoll hits you but does no damage. You block the gnoll's attack.
The gnoll hits you from afar with a spear.
You die...

#...# #< ... #...# #...#.
#...# #..#.. # #...#
.#..#..
#.#####...####..#.....
#.##..%............#.....
....$...g...........#.....
.......####g..########.##.
.......'.@gg...(..........
.......###############.##.
......g #.#.. .......
#.#.. ....... #.### #....
##### .... ####


You could see 3 gnolls.

Vanquished Creatures
  An adder (D:2)
  A dart slug (D:1)
  A leopard gecko (D:1)
  2 giant cockroaches
  3 goblins (D:1)
  4 hobgoblins
  6 bats
  A frilled lizard (D:2)
  2 kobolds (D:1)
  3 rats
24 creatures vanquished.

Notes
Turn   | Place    | Note
-------+----------+-------------------------------------------
     0 | D:1      | dengdeng the Gargoyle Fighter began the quest for the Orb.
     0 | D:1      | Reached XP level 1. HP: 14/14 MP: 1/1
   257 | D:1      | Reached XP level 2. HP: 19/19 MP: 2/2
   523 | D:1      | Found an iron altar of Okawaru.
  1010 | D:2      | Reached XP level 3. HP: 16/24 MP: 3/3
  1168 | D:2      | Slain by a gnoll

Skill      XL: |  1 |
---------------+----+-----
Long Blades    | 2 |  2.3
Fighting       | |  3.7
Armour         | |  3.7
Dodging        | |  0.1
Shields        | |  3.4

Action                   || total
-------------------------++-------
Melee: Long sword        ||    88
  Eat: Chunk             ||     1
Armor: Scale mail        ||    71
Dodge: Dodged            ||    39
Block: Shield            ||    55
       Rpst.: Long sword ||    11
